cohdb
Replays
Latest Replays
All Replays
Popular Replays
Top Player Replays
Match Explorer
How It Works
Community
CoH3 Stats
Reddit
Sign in to upload your games and track your stats! →
Sign in with Steam
Match 42305305
Unlisted
Match 42305305
Overview
Messages
Build Orders
End
Selects Battlefield Espionage Battlegroup
Selects Sector Subterfuge Beacon
Panzergrenadier Squad
Panzergrenadier Squad
Panzergrenadier Squad
Construct Light Support Kompanie
Construct Light Support Kompanie
250 Light Carrier
Selects 250/3 Funkpanzerwagen
Fire Support Elements
Selects Transfer Depots
Assault Mechanized Group
Flakvierling Half-track
Selects Anti-Tank Incendiary Munitions
Construct Panzerarmee Kommand
MG34 Team
Selects Disruption Operation
Pak 38 Mechanized Group
崩溃覆盖
_Nemez_
^3
DIV 250 BigBoss
0
0
Comments
sign in to comment!
No comments posted yet!